 Dungeon Crawl Stone Soup version 0.16-a0-3533-gc382f62 (console) character file.

28 MrRokkomies the Insei (level 3, 20/21 HPs)
             Began as an Octopode Transmuter on Jan 8, 2015.
             Quit the game on level 1 of the Dungeon.
             The game lasted 00:04:22 (611 turns).

MrRokkomies the Insei (Octopode Transmuter)          Turns: 611, Time: 00:04:22

Health: 20/21      AC:  1    Str:  9    XL:     3   Next: 14%
Magic:  6/6        EV: 12    Int: 15    God:
Gold:   16         SH:  0    Dex: 13    Spells: 1 memorised, 5 levels left

rFire  . . .     SeeInvis .       - Unarmed
rCold  + . .     Clarity  .     (no shield)
rNeg   . . .     SustAb   .     (helmet restricted)
rPois  .         Gourm    .     (no amulet)
rElec  .         Spirit   .     e - ring of protection from cold (curse)
rCorr  .         Warding  .     (no ring)
rMut   .         Stasis   .     (no ring)
MR     .....                    (no ring)
Stlth  +++.......               (no ring)
                                (no ring)
                                (no ring)
                                (no ring)

@: not resistant to hostile enchantments, fairly stealthy
A: almost no armour, amphibious, 8 rings, constrict 8, camouflage 1,
deterioration 1, frail 1, spit poison 1, gelatinous body 1
a: Spit Poison


You were on level 1 of the Dungeon.
You were not hungry.

You visited 1 branch of the dungeon, and saw 1 of its levels.

You collected 16 gold pieces.

Inventory:

Missiles
 b - 12 arrows
 f - 15 poisoned arrows
 g - 20 stones (quivered)
Jewellery
 e - a cursed ring of protection from cold (left tentacle)
Scrolls
 h - a scroll of identify
 i - 2 scrolls of random uselessness {unknown}
Potions
 j - a potion of magic {unknown}
 k - a potion of restore abilities {unknown}
Books
 d - a book of Changes

   Spells                             Type                      Level
   a - Beastly Appendage              Transmutation                1
   b - Sticks to Snakes               Transmutation                2
   c - Spider Form                    Transmutation/Poison         3
   d - Ice Form                       Ice/Transmutation            4
   e - Blade Hands                    Transmutation                5
Comestibles
 a - a bread ration


   Skills:
 * Level 2.2 Fighting
 - Level 2.0 Dodging
 + Level 1.7 Stealth
 * Level 3.3 Unarmed Combat
 - Level 2.0 Spellcasting
 - Level 2.0 Transmutations


You had 5 spell levels left.
You knew the following spells:

 Your Spells              Type           Power        Failure   Level  Hunger
a - Beastly Appendage     Trmt           #.....       12%         1    #......


Dungeon Overview and Level Annotations

Branches:
Dungeon (1/15)

Altars:


Innate Abilities, Weirdness & Mutations

You cannot wear most types of armour.
You are amphibious.
You can wear up to eight rings at the same time.
You can use your tentacles to constrict many enemies at once.
Your skin changes colour to match your surroundings (Stealth).
Your rubbery body absorbs attacks (AC +1).
Your body is slowly deteriorating.
You are frail (-10% HP).
You can spit poison.


Message History

No target in view!
k - a black potion You spend a moment contemplating the meaning of life.
Found a pair of boots.
You see here a pair of boots.
Done exploring.
Done exploring.
Read which item? (? for menu, Esc to quit)
As you read the scroll labeled PREMMI SOUVUSTEAR, it crumbles to dust.
It is a scroll of identify.
Identify which item? (\ to view known items) (? for menu, Esc to quit)
c - a potion of mutation Drink which item? (? for menu, Esc to quit)
You feel extremely strange.
You feel frail.
There is a nasty taste in your mouth for a moment.
You feel yourself wasting away.
Quiver which item? (- for none, * to show all) (? for menu, Esc to quit)
Okay, then.
Are you sure you want to abandon this character and quit the game? (Confirm with "yes".)

#### ########...
#†...##....
#....###...
##....# ####
#.....# #.....##
#######......#####
#..[....###.......
#@#####.##........
#.##..(...........
#.##..............
#.(..#############
#....# ##.......##
#....###.........#
#....##†..........
#..<#.)†....(††...
##...##...........
#...###.........#
#...# ##.......##


There were no monsters in sight!

Vanquished Creatures
  A giant cockroach (D:1)
  3 hobgoblins (D:1)
  2 jackals (D:1)
  2 bats (D:1)
  A giant newt (D:1)
  4 goblins (D:1)
  3 kobolds (D:1)
  15 rats (D:1)
31 creatures vanquished.

Notes
Turn   | Place    | Note
--------------------------------------------------------------
     0 | D:1      | MrRokkomies, the Octopode Transmuter, began the quest for the Orb.
     0 | D:1      | Reached XP level 1. HP: 13/13 MP: 3/3
    12 | D:1      | Reached skill level 1 in Stealth
    26 | D:1      | Reached XP level 2. HP: 15/18 MP: 2/4
   420 | D:1      | Reached XP level 3. HP: 24/24 MP: 6/6
   610 | D:1      | Gained mutation: You are frail (-10% HP). [potion of mutation]
   610 | D:1      | Gained mutation: You can spit poison. [potion of mutation]
   610 | D:1      | Gained mutation: Your body is slowly deteriorating. [potion of mutation]
   611 | D:1      | Quit the game

Action                   || total
-------------------------++-------
Melee: Unarmed           ||    61
Throw: Stone             ||    11
 Cast: Beastly Appendage ||     5
  Use: Scroll            ||     1
       Potion            ||     1
 Stab: Sleeping          ||     1
